 Dungeon Crawl Stone Soup version 0.31-a0-180-g519b7de00c (webtiles) character file.

Game seed: 14426677053392324449

22 qw the Shooter (level 2, -2/26 HPs)
             Began as a Naga Hunter on June 19, 2023.
             Slain by a quokka (5 damage)
             ... on level 1 of the Dungeon.
             The game lasted 00:00:12 (554 turns).

qw the Shooter (Naga Hunter)                         Turns: 554, Time: 00:00:12

Health: -2/26      AC:  2    Str: 13    XL:     2   Next: 91%
Magic:  2/2        EV:  9    Int:  9    God:
Gold:   32         SH:  0    Dex: 14    Spells: 1/1 levels left

rFire   . . .        a - +0 shortbow
rCold   . . .        (shield currently unavailable)
rNeg    . . .        c - +0 leather armour
rPois   +            (no helmet)
rElec   .            (no cloak)
rCorr   .            (no gloves)
SInv    +            (no barding)
Will    .....        (no amulet)
Stlth   ++           (no ring)
HPRegen 0.24/turn    (no ring)
MPRegen 0.08/turn

%: no passive effects
@: very slow
A: AC +0, large, see invisible, deformed body, poison resistance, slowness 2,
spit poison 1, naga tail 1
a: Spit Poison


You were on level 1 of the Dungeon.
You visited 1 branch of the dungeon, and saw 1 of its levels.

You collected 32 gold pieces.


Innate Abilities, Weirdness & Mutations

Your serpentine skin is tough. (AC +0)
You have supernaturally acute eyesight. (SInv)
Armour fits poorly on your strangely shaped body.
Your system is resistant to poisons. (rPois)
You cover ground very slowly.
You can spit poison.
You have a snake-like lower body.


   Skills:
 - Level 2.0 Fighting
 + Level 4.4 Ranged Weapons
 - Level 1.5 Dodging
 - Level 1.5 Stealth


You had one spell level left.
You didn't know any spells.
Your spell library was empty.

Inventory:

Hand Weapons
 a - a +0 shortbow (weapon)
Armour
 c - a +0 leather armour (worn)
Scrolls
 b - a scroll of butterflies
 f - a scroll of identify {unknown}
Potions
 d - 2 potions of curing {unknown}
 e - a potion of heal wounds {unknown}

Dungeon Overview and Level Annotations

Branches:
Dungeon (1/15)

Altars:


Message History

The kobold closely misses you.
You shoot an arrow. The arrow closely misses the kobold.
The kobold hits you with a +0 dagger.
You shoot an arrow. The arrow completely misses the kobold.
The goblin closely misses you. The kobold hits you with a +0 dagger.
You shoot an arrow. The arrow barely misses the kobold.
You have got your breath back.
The goblin misses you. The kobold hits you with a +0 dagger.
548 ||| INVOKING Spit Poison.
Aiming: Spit Poison (2% risk of failure)
Press: ? - help, Shift-Dir - straight line, f/p - kobold The splash of poison hits the kobold!
You kill the kobold!
The goblin barely misses you. The quokka barely misses you.
You shoot an arrow. The arrow hits the quokka.
The quokka is heavily wounded.
The goblin hits you but does no damage. The quokka bites you.
The goblin hits you but does no damage.
You shoot an arrow.
The arrow hits the quokka but does no damage.
The quokka is heavily wounded.
You have got your breath back.
The quokka barely misses you. The goblin hits you with a +0 club.
The quokka bites you but does no damage.
551 ||| INVOKING Spit Poison.
Aiming: Spit Poison (2% risk of failure)
Press: ? - help, Shift-Dir - straight line, f/p - quokka The splash of poison hits the quokka but does no damage.
The quokka is poisoned.
The quokka is heavily wounded.
The goblin hits you with a +0 club. The quokka closely misses you.
You shoot an arrow. The arrow closely misses the quokka.
The goblin hits you with a +0 club.
The quokka bites you but does no damage.
You shoot an arrow. The arrow barely misses the quokka.
The quokka bites you. The goblin hits you with a +0 club. The quokka bites you.
You shoot an arrow. The arrow closely misses the quokka.
You have got your breath back.
The goblin hits you with a +0 club. The quokka bites you.
You die...

.........+
.........# .
#.......## # .
##.....## # ..##
##...## #.#...
#+## ...#. # #.#
#...###.# #.#
#...gr..# ##.##
#@# ##...## #.#
#.....#########.#
###..............#
.....#############
######


You could see a quokka (poisoned) and a goblin.

Vanquished Creatures
  A dart slug (D:1)
  A giant cockroach (D:1)
  2 goblins (D:1)
  4 jackals (D:1)
  4 kobolds (D:1)
  5 bats (D:1)
  A frilled lizard (D:1)
  A rat (D:1)
19 creatures vanquished.

Notes
Turn   | Place    | Note
-------+----------+-------------------------------------------
     0 | D:1      | qw the Naga Hunter began the quest for the Orb.
     0 | D:1      | Reached XP level 1. HP: 19/19 MP: 1/1
     0 | D:1      | 0 ||| qw: Version: 0.3-a-7-ge0c9b40
     0 | D:1      | 0 ||| qw: Game counter: 930
     0 | D:1      | 0 ||| qw: Always use a shield: true
     0 | D:1      | 0 ||| qw: God list: Okawaru
     0 | D:1      | 0 ||| qw: Allow faded altars: false
     0 | D:1      | 0 ||| qw: Do Orc after D:15 true
     0 | D:1      | 0 ||| qw: Do second Lair branch before Depths: true
     0 | D:1      | 0 ||| qw: Lair rune preference: random
     0 | D:1      | 0 ||| qw: Plans: Normal
     0 | D:1      | 0 ||| PLANNING D:1-11
    11 | D:1      | 11 ||| INVOKING Spit Poison.
    15 | D:1      | 15 ||| INVOKING Spit Poison.
    18 | D:1      | 18 ||| INVOKING Spit Poison.
   104 | D:1      | 104 ||| INVOKING Spit Poison.
   105 | D:1      | Reached skill level 4 in Ranged Weapons
   105 | D:1      | Reached XP level 2. HP: 26/26 MP: 2/2
   110 | D:1      | 110 ||| INVOKING Spit Poison.
   248 | D:1      | 248 ||| INVOKING Spit Poison.
   317 | D:1      | 317 ||| INVOKING Spit Poison.
   362 | D:1      | 362 ||| INVOKING Spit Poison.
   402 | D:1      | 402 ||| INVOKING Spit Poison.
   421 | D:1      | 421 ||| INVOKING Spit Poison.
   433 | D:1      | 433 ||| INVOKING Spit Poison.
   459 | D:1      | 459 ||| INVOKING Spit Poison.
   465 | D:1      | 465 ||| INVOKING Spit Poison.
   484 | D:1      | 484 ||| INVOKING Spit Poison.
   542 | D:1      | 542 ||| INVOKING Spit Poison.
   548 | D:1      | 548 ||| INVOKING Spit Poison.
   551 | D:1      | 551 ||| INVOKING Spit Poison.
   553 | D:1      | HP: 6/26 [quokka (3)]
   554 | D:1      | Slain by a quokka

Levels and vault maps discovered:
D:1:      dpeg_arrival_oval, layout_loops_corners, st_stairs_6,
          nicolae_kite_square_tiling_tiny, minmay_tromino_i4

Skill      XL: |  1 |
---------------+----+-----
Ranged Weapons | 4 |  4.4
Fighting       | |  2.0
Dodging        | |  1.5
Stealth        | |  1.5

Action                     || total
---------------------------++-------
   Fire: Shortbow          ||    36
Ability: Spit Poison       ||    17
 Armour: Leather armour    ||     8
  Dodge: Dodged            ||    20

Table legend:
 A = Non-vault XP
 B = Vault XP
 C = Vault XP percentage of total XP
 D = Non-vault monster count
 E = Vault monster count
 F = Vault count percentage of total count
                 A         B        C        D         E       F
            +---------+---------+-------+---------+---------+-------
      Total |      30 |       2 |   6.2 |      18 |       1 |   5.3
            +---------+---------+-------+---------+---------+-------
        D:1 |      30 |       2 |   6.2 |      18 |       1 |   5.3
            +---------+---------+-------+---------+---------+-------
